 Dungeon Crawl Stone Soup version 0.28-a0-8-g6e044cfa68 (webtiles) character file.

Game seed: 12221671360622313963

196 MovingMist the Covered (level 5, -1/33 HPs)
             Began as a Gargoyle Fighter on July 25, 2021.
             Was an Initiate of Okawaru.
             Splashed by a jelly's acid (2 damage)
             ... on level 4 of the Dungeon.
             The game lasted 00:05:18 (3370 turns).

MovingMist the Covered (Gargoyle Fighter)           Turns: 3370, Time: 00:05:19

Health: -1/33      AC:  3    Str: 19    XL:     5   Next: 74%
Magic:  5/5        EV:  5    Int:  9    God:    Okawaru [......]
Gold:   74         SH:  9    Dex: 10    Spells: 1/4 levels left

rFire   . . .      SeeInvis .   a - +0 flail
rCold   . . .      Faith    .   c - +0 kite shield
rNeg    + . .      Spirit   .   b - +0 scale mail
rPois   ∞          Reflect  .   (no helmet)
rElec   +          Harm     .   (no cloak)
rCorr   .          Rampage  .   (no gloves)
Will    .....                   (no boots)
Stlth   ..........              (no amulet)
HPRegen 0.11/turn               (no ring)
MPRegen 0.09/turn               (no ring)

@: corroded, constricted
A: sickness immunity, AC +4, negative energy resistance 1, electricity
resistance, torment resistance 1, petrification resistance
a: Renounce Religion


You were on level 4 of the Dungeon.
You worshipped Okawaru.
Okawaru was noncommittal.
You visited 2 branches of the dungeon, and saw 5 of its levels.

You collected 74 gold pieces.

Inventory:

Hand Weapons
 a - a +0 flail (weapon)
Armour
 b - a +0 scale mail (worn)
 c - a +0 kite shield (worn)
Jewellery
 q - an amulet of guardian spirit
Wands
 k - a wand of acid (5)
 l - a wand of iceblast (5)
Scrolls
 e - 4 scrolls of identify {unknown}
 f - a scroll of enchant armour {unknown}
 g - 4 scrolls of teleportation {unknown}
 h - a scroll of amnesia {unknown}
 j - a scroll of enchant weapon {unknown}
 n - a scroll of magic mapping {unknown}
Potions
 d - a potion of might
 i - a potion of attraction {unknown}
 m - 3 potions of curing {unknown}
 o - a potion of heal wounds {unknown}
 p - a potion of mutation {unknown}


   Skills:
 + Level 4.2 Fighting
 + Level 3.0 Maces & Flails
 + Level 4.3 Armour
 * Level 2.5 Dodging
 - Level 3.2 Shields


You had one spell level left.
You knew the following spells:

 Your Spells              Type           Power      Damage    Failure   Level
a - Mephitic Cloud        Conj/Pois/Air  0%         N/A       100%        3

Your spell library contained the following spells:

 Spells                   Type           Power      Damage    Failure   Level
 Poisonous Vapours        Pois/Air       0%         N/A       100%        2
 Freezing Cloud           Conj/Ice/Air   0%         6-21      100%        5
 Summon Forest            Summ/Tloc      0%         N/A       100%        5
 Summon Mana Viper        Hex/Summ       0%         N/A       100%        5
 Shadow Creatures         Summ           N/A        N/A       100%        6


Dungeon Overview and Level Annotations

Branches:
Dungeon (4/15)             Temple (1/1) D:4

Altars:
Ashenzari
Fedhas
Gozag
Makhleb
Nemelex Xobeh
Okawaru
Sif Muna
Trog
Wu Jian
Xom
Yredelemnul
Zin


Innate Abilities, Weirdness & Mutations

You are immune to sickness and miasma.
Your stone body is resilient. (AC +4)
You are immune to poison.
You resist negative energy. (rN+)
You are resistant to electric shocks. (rElec)
You are resistant to unholy torment.
You are immune to petrification.


Message History

The ball python constricts you. You block the jackal's attack.
You thump the jackal!
You kill the jackal!
Okawaru accepts your kill.
The ball python bites you but does no damage.
The ball python constricts you. You block the ball python's attack.
The ball python constricts you.
You hit the jelly.
Your hands burn!
The jelly is lightly wounded.
The ball python closely misses you. The ball python constricts you.
The jelly hits you but does no damage.
The ball python bites you but does no damage.
The ball python constricts you.
You sock the jelly!
Your hands burn!
The jelly is severely wounded.
The jelly hits you but does no damage.
The ball python bites you but does no damage.
The ball python constricts you. The jelly hits you but does no damage.
You hit the jelly.
Your hands burn!
The jelly is almost dead.
The ball python completely misses you. The ball python constricts you.
You block the jelly's attack.
The ball python bites you but does no damage.
The ball python constricts you.
You hit the jelly but do no damage. The acid corrodes you!
Your hands burn!
The jelly is almost dead.
You block the ball python's attack. The ball python constricts you.
The jelly hits you but does no damage. You block the ball python's attack.
The ball python constricts you. The jelly hits you. The acid corrodes you!
You are splashed with acid!
* * * LOW HITPOINT WARNING * * *
You hit the jelly but do no damage.
Your hands burn!
* * * LOW HITPOINT WARNING * * *
The jelly is almost dead.
The ball python bites you.
* * * LOW HITPOINT WARNING * * *
The ball python constricts you. You block the jelly's attack.
The ball python barely misses you. The ball python constricts you.
You hit the jelly but do no damage.
Your hands burn!
You die...

.... ..##.......... ....
.............. ... ####
.#...........? ... .....
####. ........... ..
#....###.... ...........
.###......##....#. .........
......# ..# ....###........
...#####..##..#.S##.........
8..##.#.......##@###........
..............##J##...##.#.$
8.......####..#...#......#..
........###...#..†..........
8...........#...............
...........###..#...........
............#...#..###......
#..............###.###......
..........###..# #..........


You could see a jelly and a ball python.

Vanquished Creatures
  2 orc wizards
  A gnoll (D:1)
  3 adders
  3 dart slugs (D:1)
  11 orcs
  16 ball pythons
  11 endoplasms
  4 giant cockroaches
  6 goblins
  7 hobgoblins
  6 jackals
  3 kobolds
  A quokka (D:3)
  5 bats
  3 frilled lizards
  4 rats
86 creatures vanquished.

Notes
Turn   | Place    | Note
-------+----------+-------------------------------------------
     0 | D:1      | MovingMist the Gargoyle Fighter began the quest for the
                  | Orb.
     0 | D:1      | Reached XP level 1. HP: 14/14 MP: 1/1
    40 | D:1      | Reached XP level 2. HP: 19/19 MP: 2/2
    72 | D:1      | Reached skill level 1 in Dodging
   288 | D:1      | Reached XP level 3. HP: 23/23 MP: 3/3
  1238 | D:2      | Reached XP level 4. HP: 28/29 MP: 4/4
  1665 | D:2      | Learned a level 3 spell: Mephitic Cloud
  1927 | D:3      | Found a faded altar of an unknown god.
  1974 | D:3      | Reached XP level 5. HP: 16/33 MP: 5/5
  2995 | D:4      | Found a staircase to the Ecumenical Temple.
  3011 | Temple   | Entered the Ecumenical Temple
  3027 | Temple   | Became a worshipper of Warmaster Okawaru
  3369 | D:4      | HP: 1/33 [ball python (2)]
  3370 | D:4      | Splashed by a jelly's acid

Illustrated notes

Levels and vault maps discovered:
D:1:      saegor_arrival_simple_a, layout_loops_ring,
          amcnicky_mini_corridor_feature, lemuel_flame_loot_1
D:2:      layout_rooms
D:3:      layout_basic, chequers_ecumenical_altar_island,
          guppyfry_early_orc_mine
D:4:      layout_cave_pools, minmay_temple_entry_statues_fountains,
          serial_shops, shop, nicolae_take_the_stairs, nrook_uturn
Temple:   compressed_dpeg_triangle_lava_temple

Skill      XL: |  1  2  3  4  5 |
---------------+----------------+-----
Dodging        | 1 2 |  2.5
Armour         | 4 |  4.3
Fighting       | 4 |  4.2
Maces & Flails | 3 |  3.0
Shields        | |  3.2

Action                   |  1- 3 |  4- 6 || total
-------------------------+-------+-------++-------
Melee: Flail             |    98 |   155 ||   253
Armor: Scale mail        |    69 |   111 ||   180
Dodge: Dodged            |    32 |    81 ||   113
Block: Kite shield       |    59 |    90 ||   149

Table legend: (Time is in decaauts)
 A = Elapsed time spent in this place.
 B = Non-inter-level travel time spent in this place.
 C = Inter-level travel time spent in this place.
 D = Time resting spent in this place.
 E = Time spent auto-exploring this place.
 F = Levels seen in this place.
 G = Mean time per level.
                   A        B        C        D        E       F      G
               +--------+--------+--------+--------+--------+-----+--------+
         Total |   3501 |   3432 |     69 |    337 |   2330 |   5 |  700.2 |
       Dungeon |   3470 |   3401 |     69 |    337 |   2330 |   4 |  867.5 |
        Temple |     30 |     30 |      0 |      0 |      0 |   1 |   30.0 |
               +--------+--------+--------+--------+--------+-----+--------+

Top non-repeatable levels by time:
     D:3: 1341 daAuts
     D:1: 999 daAuts
     D:2: 763 daAuts
     D:4: 366 daAuts
  Temple: 30 daAuts
